 Dungeon Crawl Stone Soup version 0.30-a0-540-g0af01429fa (webtiles) character file.

Game seed: 6949352705043062321

112 jlumianski the Trooper (level 4, 0/36 HPs)
             Began as a Demonspawn Fighter on Dec 26, 2022.
             Killed by divine providence
             ... invoked by an orc priest
              (15 damage)
             ... on level 4 of the Dungeon.
             The game lasted 00:03:52 (1050 turns).

jlumianski the Trooper (Demonspawn Fighter)         Turns: 1050, Time: 00:03:53

Health: 0/36       AC:  6    Str: 18    XL:     4   Next: 63%
Magic:  4/4        EV: 12    Int: 18    God:
Gold:   66         SH:  4    Dex: 13    Spells: 3/3 levels left

rFire   . . .      SeeInvis .    k - +6 hand axe "Newt's Nightmare" {vorpal, Int+9}
rCold   . . .      Faith    .    c - +0 buckler
rNeg    . . .      Spirit   .    b - +0 scale mail
rPois   .          Reflect  .    (no helmet)
rElec   .          Harm     .    (no cloak)
rCorr   .          Rampage  .    (no gloves)
Will    +....                    (no boots) Stlth
                                 (no amulet)
HPRegen 0.26/turn                h - ring of willpower
MPRegen 0.09/turn                (no ring)

@: no status effects
A: repulsion field 2
a: no special abilities


You were on level 4 of the Dungeon.
You visited 1 branch of the dungeon, and saw 4 of its levels.

You collected 66 gold pieces.

Inventory:

Hand Weapons
 a - a +0 war axe
 k - the +6 hand axe "Newt's Nightmare" (weapon) {vorpal, Int+9}
   (You found it on level 2 of the Dungeon)

   It inflicts extra damage upon your enemies.
   Int:       It affects your intelligence (+9).
Missiles
 e - 4 stones (quivered)
Armour
 b - a +0 scale mail (worn)
 c - a +0 buckler (worn)
Jewellery
 h - a ring of willpower (left hand)
Scrolls
 f - 2 scrolls of teleportation
 g - a scroll of identify
 i - a scroll of brand weapon
 j - a scroll of summoning
Potions
 d - a potion of might
 l - a potion of brilliance


   Skills:
 + Level 3.6 Fighting
 + Level 3.0 Axes
 + Level 3.2 Armour
 + Level 0.4 Dodging
 + Level 3.1 Shields


You had 3 spell levels left.
You didn't know any spells.
Your spell library was empty.

Dungeon Overview and Level Annotations

Branches:
Dungeon (4/15)
 Temple: D:4-7

Altars:


Innate Abilities, Weirdness & Mutations

You are surrounded by a moderate repulsion field. (EV +3)


Message History

You barely miss the orc.
The orc is severely wounded.
The orc barely misses you.
You closely miss the orc.
The orc is severely wounded.
The orc hits you but does no damage.
You closely miss the orc.
The orc is severely wounded.
You block the orc's attack.
You barely miss the orc.
The orc is severely wounded.
The orc hits you with a +0 hand axe. x2
You slash the orc!
You kill the orc!
The orc priest miscasts a cantrip.
You barely miss the orc. You hit something. You hit something.
Something hits you but does no damage.
You are poisoned.
Unknown command.
You slash something!
Reactivating autopickup.
You feel a bit more experienced.
You feel sick. The orc closely misses you.
Your Axes skill increases to level 3!
You hit the orc.
The orc is heavily wounded.
You feel sick. You block the orc's attack.
You closely miss the orc.
The orc is heavily wounded.
You feel sick. You block the orc's attack.
You closely miss the orc.
The orc is heavily wounded.
You feel sick. You block the orc's attack.
You hit the orc.
You kill the orc!
You feel sick.
You are no longer poisoned.
The orc priest calls down the wrath of Beogh upon you.
Beogh smites you!
You die...

######
.########....#
....oo)@.$#
.########.#
#.# #.# #.#
#.# #.. ...
...


You could see an orc priest and an orc.

Vanquished Creatures
  An orc wizard (D:4)
  Natasha (twice) (D:2)
  A worm (D:2)
  2 orcs (D:4)
  2 endoplasms
  A giant cockroach (D:1)
  4 goblins
  A hobgoblin (D:1)
  3 jackals (D:1)
  5 quokkas
  4 ball pythons (D:1)
  3 bats
  2 frilled lizards
  2 kobolds
  2 rats
35 creatures vanquished.

Notes
Turn   | Place    | Note
-------+----------+-------------------------------------------
     0 | D:1      | jlumianski the Demonspawn Fighter began the quest for the
                  | Orb.
     0 | D:1      | Reached XP level 1. HP: 18/18 MP: 1/1
   310 | D:1      | Gained mutation: You are surrounded by a mild repulsion
                  | field. (EV +2) [demonic ancestry]
   310 | D:1      | Reached XP level 2. HP: 24/24 MP: 2/2
   813 | D:2      | Gained mutation: You are surrounded by a moderate repulsion
                  | field. (EV +3) [demonic ancestry]
   813 | D:2      | Reached XP level 3. HP: 18/29 MP: 3/3
   913 | D:2      | Noticed Natasha
   919 | D:2      | Killed Natasha
   940 | D:2      | Noticed Natasha
   951 | D:2      | Killed Natasha
   952 | D:2      | Reached XP level 4. HP: 21/35 MP: 4/4
   960 | D:2      | Identified the +6 hand axe "Newt's Nightmare" {vorpal,
                  | Int+9}
  1050 | D:4      | Killed from afar by an orc priest

Illustrated notes

Levels and vault maps discovered:
D:1:      lemuel_arrival_room, layout_rooms, hangedman_decor_slide_cut
D:2:      layout_loops_corners, shapermc_ecumenical_altar_flowoftime,
          uniq_natasha
D:3:      layout_loops_cross, nicolae_wu_jian_glorious_leap, uniq_grinder
D:4:      layout_basic, minmay_temple_entry_tees,
          nicolae_ossuary_entry_monument, corexii_leaking_fountain

Skill      XL: |  1  2  3  4 |
---------------+-------------+-----
Shields        | 3 |  3.1
Axes           | 2 3 |  3.0
Armour         | 3 |  3.2
Fighting       | |  3.6
Dodging        | |  0.4

Action                   |  1- 3 |  4- 6 || total
-------------------------+-------+-------++-------
Melee: War axe           |    93 |       ||    93
       Hand axe          |       |    14 ||    14
Throw: Stone             |     3 |       ||     3
  Use: Scroll            |       |     4 ||     4
Armor: Scale mail        |    51 |     3 ||    54
Dodge: Dodged            |    37 |     3 ||    40
Block: Buckler           |    19 |     4 ||    23

Table legend: (Time is in decaauts)
 A = Elapsed time spent in this place.
 B = Non-inter-level travel time spent in this place.
 C = Inter-level travel time spent in this place.
 D = Time resting spent in this place.
 E = Time spent auto-exploring this place.
 F = Levels seen in this place.
 G = Mean time per level.
                   A        B        C        D        E       F      G
               +--------+--------+--------+--------+--------+-----+--------+
         Total |   1094 |   1043 |     51 |    100 |    451 |   4 |  273.5 |
       Dungeon |   1094 |   1043 |     51 |    100 |    451 |   4 |  273.5 |
               +--------+--------+--------+--------+--------+-----+--------+

Top non-repeatable levels by time:
     D:1: 723 daAuts
     D:2: 338 daAuts
     D:4: 25 daAuts
     D:3: 7 daAuts
